 Dungeon Crawl Stone Soup version 0.22.1-2-g9c5b331 (webtiles) character file.

11 nightchill the Ruffian (level 2, -7/25 HPs)
             Began as a Ghoul Warper on Nov 18, 2018.
             Splashed by a jelly's acid (9 damage)
             ... on level 2 of the Dungeon.
             The game lasted 00:02:19 (818 turns).

nightchill the Ruffian (Ghoul Warper)                Turns: 818, Time: 00:02:20

Health: -7/25      AC:  6    Str: 14    XL:     2   Next: 29%
Magic:  3/3        EV:  9    Int:  8    God:
Gold:   68         SH:  0    Dex:  8    Spells: 4/4 levels left

rFire    . . .     SeeInvis .     - Unarmed
rCold    + . .     Gourm    .   (no shield)
rNeg     + + +     Faith    .   j - +0 scale mail
rPois    ∞         Spirit   .   (no helmet)
rElec    .         Reflect  .   (no cloak)
rCorr    .         Harm     .   (no gloves)
MR       .....                  (no boots)
Stlth    ..........             (no amulet)
HPRegen  0.00/turn              (no ring)
MPRegen  0.08/turn              (no ring)

@: rotting
A: rotting body, claws 1, carnivore, cold resistance 1, negative energy
resistance 3, inhibited regeneration, torment resistance, unbreathing
a: no special abilities


You were on level 2 of the Dungeon.
You were not hungry.

You visited 1 branch of the dungeon, and saw 2 of its levels.

You collected 68 gold pieces.

Inventory:

Hand Weapons
 r - a +0 hunting sling
Missiles
 b - 51 stones
 d - a tomahawk of dispersal (quivered)
Armour
 a - a +0 leather armour
 j - a +0 scale mail (worn)
Jewellery
 p - an uncursed ring of protection from fire {unknown}
Scrolls
 c - a scroll of blinking
 k - 2 scrolls of teleportation {unknown}
 o - a scroll of magic mapping {unknown}
 q - 2 scrolls of remove curse {unknown}
 t - a scroll of fear {unknown}
Potions
 e - 2 potions of mutation {unknown}
 g - a potion of curing {unknown}
 h - a potion of brilliance {unknown}
 l - a potion of magic {unknown}
 m - a potion of heal wounds {unknown}
 n - a potion of might {unknown}
 s - a potion of berserk rage {unknown}
Comestibles
 f - 2 rations
 i - 4 chunks of flesh


   Skills:
 + Level 2.5 Fighting
 - Level 0.8 Throwing
 - Level 0.8 Armour
 - Level 1.7 Dodging
 * Level 2.9 Unarmed Combat
 - Level 1.7 Spellcasting
   Level 2.6 Translocations


You had 4 spell levels left.
You didn't know any spells.
Your spell library contained the following spells:

 Spells                   Type           Power        Failure   Level  Hunger
 Blink                    Tloc           N/A          63%         2    ###....
 Shroud of Golubria       Chrm/Tloc      #.........   80%         2    ###....
 Gell's Gravitas          Tloc           #.........   85%         3    ####...
 Lesser Beckoning         Tloc           #.........   85%         3    ####...
 Teleport Other           Tloc           #.......     85%         3    ####...
 Passage of Golubria      Tloc           N/A          99%         4    #####..


Dungeon Overview and Level Annotations

Branches:
Dungeon (2/15)

Altars:


Innate Abilities, Weirdness & Mutations

Your body is rotting away.
You thrive on raw meat.
You are immune to poison.
You have sharp fingernails.
You are carnivorous and can eat meat at any time.
Your flesh is cold resistant. (rC+)
You are immune to negative energy. (rN+++)
You do not regenerate when monsters are visible.
You are immune to unholy pain and torment.
You can survive without breathing.


Message History

You throw a tomahawk of dispersal.
The tomahawk of dispersal hits the jelly.
The jelly blinks!
The jelly is lightly wounded.
Throwing (i - inventory. (/) - cycle)
d - 3 tomahawks of dispersal (quivered)
Press: ? - help, Shift-Dir - straight line, f/p - jelly
Aim: a jelly (lightly wounded)
You throw a tomahawk of dispersal.
The tomahawk of dispersal barely misses the jelly.
Throwing (i - inventory. (/) - cycle)
d - 2 tomahawks of dispersal (quivered)
Press: ? - help, Shift-Dir - straight line, f/p - jelly
Aim: a jelly (lightly wounded)
You throw a tomahawk of dispersal.
The tomahawk of dispersal barely misses the jelly.
The jelly hits you.
You are splashed with acid!
The acid burns!
* * * LOW HITPOINT WARNING * * *
The jelly hits you.
* * * LOW HITPOINT WARNING * * *
You are splashed with acid!
The acid burns!
You die...

###...#.####.######
#.#.#.# #.#
###.#.#.####.#
##+##+#
#............#
##J##.#
#.......######
##+##'##+###.#.###
#.........##.#.#
#.........##J#.#
###.........##@# #
.........#####.#
#######..# #.# #..#
#.# #..#####.#
#........#
..$....####...#
######## #..## #..#


You could see a jelly.

Vanquished Creatures
  3 goblins
  4 hobgoblins (D:1)
  A bat (D:1)
  A kobold (D:1)
  2 rats (D:1)
11 creatures vanquished.

Notes
Turn   | Place    | Note
-------+----------+-------------------------------------------
     0 | D:1      | nightchill the Ghoul Warper began the quest for the Orb.
     0 | D:1      | Reached XP level 1. HP: 17/17 MP: 2/2
   472 | D:1      | Reached XP level 2. HP: 22/25 MP: 3/3
   818 | D:2      | Splashed by a jelly's acid

Action                   || total
-------------------------++-------
Melee: Unarmed           ||    38
Throw: Tomahawk          ||     4
  Eat: Chunk             ||     5
Armor: Scale mail        ||    14
Dodge: Dodged            ||    20
